 Seeded DCSS version 0.26.1-10-gdfb7c7de75 (webtiles) character file.

Game seed: 719280578183433182 (custom seed)

112 oldmanjim the Ruffian (level 4, 0/38 HPs)
             Began as a Draconian Transmuter on Apr 7, 2021.
             Slain by a bullfrog (4 damage)
             ... on level 3 of the Dungeon.
             The game lasted 00:14:18 (2889 turns).

oldmanjim the Ruffian (Draconian Transmuter)        Turns: 2889, Time: 00:14:18

Health: 0/38       AC:  5    Str: 12    XL:     4   Next: 63%
Magic:  7/7        EV: 12    Int: 15    God:
Gold:   73         SH:  0    Dex: 11    Spells: 6/7 levels left

rFire    . . .     SeeInvis .   b - +0 hunting sling (flame)
rCold    . . .     Faith    .   (no shield)
rNeg     . . .     Spirit   .   (armour unavailable)
rPois    .         Reflect  .   (helmet restricted)
rElec    .         Harm     .   (no cloak)
rCorr    .         Rampage  .   (no gloves)
Will     .....                  (no boots)
Stlth    +.........             q - amulet of magic regeneration
HPRegen  0.12/turn              (no ring)
MPRegen  0.35/turn              (no ring)

@: no status effects
A: unfitting armour, cold-blooded, AC +5
a: no special abilities


You were on level 3 of the Dungeon.
You visited 1 branch of the dungeon, and saw 3 of its levels.

You collected 73 gold pieces.

Inventory:

Hand Weapons
 b - a +0 hunting sling of flaming (weapon)
Missiles
 d - 69 stones (quivered ammo)
 k - 15 poisoned darts
 o - 50 sling bullets
Armour
 j - a +0 buckler
Jewellery
 q - an amulet of magic regeneration (around neck)
Scrolls
 a - a scroll of immolation
 e - a scroll of fog {unknown}
 f - a scroll of blinking {unknown}
 g - a scroll of teleportation
 i - a scroll of remove curse
 l - a scroll of fear {unknown}
 m - a scroll of enchant weapon {unknown}
 r - a scroll of magic mapping {unknown}
Potions
 c - a potion of cancellation {unknown}
 h - 2 potions of lignification
 n - a potion of ambrosia {unknown}
 p - a potion of flight


   Skills:
 * Level 3.0 Fighting
 - Level 1.7 Dodging
 + Level 0.0 Shields
 + Level 3.9 Unarmed Combat
 - Level 2.0 Spellcasting
 + Level 3.2 Transmutations


You had 6 spell levels left.
You knew the following spells:

 Your Spells              Type           Power        Failure   Level
a - Beastly Appendage     Tmut           22%          6%          1

Your spell library contained the following spells:

 Spells                   Type           Power        Failure   Level
 Wereblood                Tmut           11%          9%          2
 Spider Form              Tmut/Pois      3%           34%         3
 Ice Form                 Ice/Tmut       6%           75%         4
 Blade Hands              Tmut           5%           86%         5


Dungeon Overview and Level Annotations

Branches:
Dungeon (3/15)

Altars:


Innate Abilities, Weirdness & Mutations

Your plain brown scales are hard. (AC +5)
You cannot fit into any form of body armour.
You are cold-blooded and may be slowed by cold attacks.


Message History

You shoot a stone. The stone closely misses the bullfrog.
The bullfrog hits you. x2
You shoot a stone. The stone barely misses the bullfrog.
The bullfrog completely misses you.
You shoot a stone. The stone barely misses the bullfrog.
The bullfrog misses you. The bullfrog hits you!
You are too injured to fight recklessly!
You are too injured to fight recklessly!
Fire: 70 stones
Press: ? - help, Q - select action, (/) - cycle Shift-Dir - straight line, f/p - bullfrog
Aim: a bullfrog (moderately wounded, 47% to hit)
You shoot a stone. The stone hits the bullfrog.
The stone burns the bullfrog.
The bullfrog is severely wounded.
The bullfrog hits you.
* * * LOW HITPOINT WARNING * * *
The bullfrog barely misses you. The bullfrog hits you.
* * * LOW HITPOINT WARNING * * *
The bullfrog hits you.
You die...

##.#.######. ...
###.# ## ... #.# ..#
#.# #.# #.# #### #.#
#.# ## ....###.#####
#.# ...
###.........#######.#
#.##
.........F@.........#
##..#...##.#########
#(..##.###.# #(((..#
#.# #.#.##.# #.# #.
......# # # #.##### .
#.# # #.#


You could see a bullfrog.

Vanquished Creatures
  A scorpion (D:2)
  2 adders (D:2)
  2 worms
  7 bats
  2 giant cockroaches (D:2)
  4 goblins
  7 hobgoblins
  5 kobolds
  A quokka (D:2)
  4 frilled lizards
  4 rats
39 creatures vanquished.

Notes
Turn   | Place    | Note
-------+----------+-------------------------------------------
     0 | D:1      | oldmanjim the Draconian Transmuter began the quest for the
                  | Orb.
     0 | D:1      | Reached XP level 1. HP: 16/16 MP: 3/3
   431 | D:1      | Reached XP level 2. HP: 23/23 MP: 3/5
  1198 | D:2      | Reached XP level 3. HP: 15/29 MP: 6/6
  1569 | D:2      | Noticed a scorpion
  1876 | D:2      | Killed a scorpion
  1877 | D:2      | Reached XP level 4. HP: 22/37 MP: 5/7
  2878 | D:3      | Noticed a bullfrog
  2889 | D:3      | Slain by a bullfrog

Illustrated notes

Levels and vault maps discovered:
D:1:      dpeg_arrival_signposts, layout_basic
D:2:      layout_basic
D:3:      layout_loops_corners

Skill      XL: |  1  2  3  4 |
---------------+-------------+-----
Fighting       | 2 3 |  3.0
Transmutations | 3 |  3.2
Dodging        | |  1.7
Unarmed Combat | |  3.9
Spellcasting   | |  2.0

Action                   |  1- 3 |  4- 6 || total
-------------------------+-------+-------++-------
Melee: Unarmed           |    96 |    27 ||   123
       Tailslap          |     8 |     3 ||    11
       Kick              |    11 |     3 ||    14
       Headbutt          |     6 |     1 ||     7
 Fire: Hunting sling     |       |    17 ||    17
 Cast: Beastly Appendage |    19 |     2 ||    21
  Use: Scroll            |       |     5 ||     5
Armor: Skin              |    46 |     7 ||    53
Dodge: Dodged            |   104 |    21 ||   125
